[Event "-chT Youth Countries 2019"]
[Site "Wuerzburg"]
[Date "2019.10.06"]
[Round "7.8"]
[White "Wiesner, Paula"]
[Black "Voigt, Anastasia"]
[Result "1-0"]
[ECO "D35"]
[WhiteElo "1958"]
[BlackElo "1457"]
[Annotator "NA"]
[PlyCount "47"]
[EventDate "2019.10.02"]
[EventType "team-tourn"]
[EventRounds "7"]
[EventCountry "GER"]
[SourceTitle "playchess.com"]
[Source "ChessBase"]
[SourceQuality "1"]
[WhiteTeam "Berlin"]
[BlackTeam "Sachsen-Anhalt"]
[TimeControl "40/5400+30:1800+30"]

1. d4 d5 2. c4 e6 3. Nc3 Nf6 4. cxd5 exd5 5. Bg5 Be7 6. e3 c6 7. Qc2 O-O 8. Bd3 Nbd7 9. Nge2 Re8 10. O-O {[%emt 0:00:07] unterminated} Nf8 {[%emt 0:02:03] unterminated} 11. f3 {[%emt 0:04:25] unterminated} b6 {[%emt 0:04:28] unterminated unterminated. D36: Queen's Gambit Declined: Exchange Variation: Main line (5 Bg5 c6 6 Qc2)} (11... g6 12. Bh4 Ne6 13. Kh1 b5 14. Rad1 Bb7 15. Qc1 Rc8 16. e4 b4 17. Na4 Qa5 18. b3 c5 19. Nxc5 Nxc5 20. dxc5 Rxc5 {½-½ (41) Mamedyarov,S (2767)-Radjabov,T (2758) Khanty-Mansiysk 2019}) 12. Rad1 {[%emt 0:03:43] unterminated} Bb7 {[%emt 0:06:36] unterminated} 13. e4 {[%emt 0:07:05] unterminated} dxe4 14. fxe4 Rc8 $146 {[%emt 0:01:32] unterminated} ({Predecessor:} 14... Ng4 15. Bc1 Bg5 16. Rf3 Bxc1 17. Qxc1 Nh6 18. Rg3 Kh8 19. e5 f6 20. Bc4 fxe5 21. Qxh6 Ng6 22. Qxg6 {1-0 (22) Savchenko,A (2163)-Wolter,J (2106) Dortmund 2008}) 15. Bc4 {[%emt 0:08:04] unterminated} Ne6 {[%emt 0:06:25] unterminated} 16. Bxf6 Bxf6 17. e5 {[%emt 0:00:07] unterminated} Bg5 18. Qf5 Qe7 {[%emt 0:02:42] unterminated} 19. Ne4 {[%emt 0:02:38] unterminated} Rcd8 20. Nd6 Rxd6 {[%emt 0:00:58] unterminated} 21. exd6 Qd7 {[%emt 0:00:44] unterminated} 22. Kh1 {[%emt 0:03:45] unterminated} Bf6 {[%emt 0:01:14] unterminated} 23. Nf4 {[%emt 0:07:12] unterminated} Nc5 $18 {[%emt 0:08:49] normal} (23... Qxd6 $142 24. Nh5 Ng5 25. Nxf6+ gxf6 26. Qxf6 Qxf6 27. Rxf6 Kg7) 24. Bxf7+ {[%emt 0:06:03] normal} 1-0

[Event "-chT Youth Countries 2019"]
[Site "Wuerzburg"]
[Date "2019.10.06"]
[Round "7.8"]
[White "Sereda, Yaroslava"]
[Black "Prinzen, Siri Marleen"]
[Result "1-0"]
[ECO "B17"]
[WhiteElo "1687"]
[BlackElo "1520"]
[Annotator "NA"]
[PlyCount "93"]
[EventDate "2019.10.02"]
[EventType "team-tourn"]
[EventRounds "7"]
[EventCountry "GER"]
[SourceTitle "playchess.com"]
[Source "ChessBase"]
[SourceQuality "1"]
[WhiteTeam "Nordrhein-Westfalen"]
[BlackTeam "Bayern 1"]
[TimeControl "40/5400+30:1800+30"]

1. e4 c6 2. d4 d5 3. Nc3 dxe4 4. Nxe4 Nd7 5. Nf3 Ngf6 6. Nxf6+ Nxf6 7. Ne5 e6 8. c3 Be7 9. Bd3 O-O 10. O-O c5 11. dxc5 Bxc5 12. Bg5 Be7 13. Qf3 Qd5 14. Qxd5 Nxd5 15. Bxe7 Nxe7 16. Be4 Rb8 17. Rfd1 Nf5 18. Rd2 f6 19. Nd7 Bxd7 20. Rxd7 Rf7 21. Rad1 Re7 22. Bxf5 Rxd7 23. Bxe6+ Rf7 24. Rd7 Rbf8 25. Rxb7 a5 26. Ra7 g6 27. Bxf7+ Rxf7 28. Rxf7 Kxf7 29. Kf1 Ke6 30. Ke2 Kd5 31. Kd3 Kc5 32. Ke4 Kc4 33. g4 h6 34. f4 a4 35. h4 f5+ 36. gxf5 gxf5+ 37. Kxf5 Kd3 38. Kg6 Kc2 39. f5 Kxb2 40. f6 Kxa2 41. f7 Kb2 42. f8=Q a3 43. Qxa3+ Kxa3 44. Kxh6 Kb3 45. Kg6 Kxc3 46. h5 Kd4 47. h6 {[%emt 0:00:04] normal} 1-0

[Event "-chT Youth Countries 2019"]
[Site "Wuerzburg"]
[Date "2019.10.06"]
[Round "7.8"]
[White "Braeutigam, Katerina"]
[Black "Roncea, Andrea-Alexandra"]
[Result "1-0"]
[ECO "C91"]
[WhiteElo "1630"]
[BlackElo "1590"]
[Annotator "NA RC"]
[PlyCount "83"]
[EventDate "2019.10.02"]
[EventType "team-tourn"]
[EventRounds "7"]
[EventCountry "GER"]
[SourceTitle "playchess.com"]
[Source "ChessBase"]
[SourceQuality "1"]
[WhiteTeam "Schleswig-Holstein"]
[BlackTeam "Niedersachsen"]
[TimeControl "40/5400+30:1800+30"]

1. e4 e5 2. Nf3 Nc6 3. Bb5 a6 4. Ba4 Nf6 5. O-O Be7 6. Re1 b5 7. Bb3 O-O 8. d4 d6 9. c3 Bg4 10. Nbd2 exd4 11. Bd5 Nxd5 12. exd5 dxc3 13. bxc3 Ne5 14. h3 Nxf3+ 15. Nxf3 Bxf3 16. Qxf3 Bf6 17. Bf4 Qd7 18. Rac1 Rfe8 19. Rxe8+ Rxe8 20. c4 Ra8 21. cxb5 axb5 22. Qe2 Bd4 23. Rc6 Rb8 24. Qc2 Bc5 25. Qe4 h6 26. Be3 Bxe3 27. Qxe3 Rb7 28. Qa3 Qd8 29. Ra6 Kh7 30. Ra8 Qd7 31. Qd3+ g6 32. Qd4 f6 33. Qxf6 Qg7 34. Qf3 Qa1+ 35. Kh2 Qe5+ 36. g3 Qf5 37. Qe3 Qe5 38. Qd2 Kg7 39. Rc8 Qe7 40. Qc3+ Kf7 41. Qh8 {[%emt 0:04:22] normal} h5 42. Rg8 {[%emt 0:02:19] normal} 1-0

[Event "-chT Youth Countries 2019"]
[Site "Wuerzburg"]
[Date "2019.10.06"]
[Round "7.8"]
[White "Bakó, Isabella"]
[Black "von Beckh, Frieda"]
[Result "0-1"]
[ECO "B54"]
[WhiteElo "1266"]
[BlackElo "1541"]
[Annotator "NA"]
[PlyCount "89"]
[EventDate "2019.10.02"]
[EventType "team-tourn"]
[EventRounds "7"]
[EventCountry "GER"]
[SourceTitle "playchess.com"]
[Source "ChessBase"]
[SourceQuality "1"]
[WhiteTeam "Team Süd"]
[BlackTeam "Hessen"]
[TimeControl "40/5400+30:1800+30"]

1. e4 c5 2. Nf3 d6 3. d4 cxd4 4. Nxd4 Nf6 5. f3 Nc6 6. c4 g6 7. Nc3 Bg7 8. Be3 Qb6 9. Qd2 Ng4 10. Nf5 Nxe3 11. Nxe3 O-O 12. Rc1 Bd7 13. Ned5 Qd8 14. b3 e6 15. Ne3 Bh6 16. Nb5 Qb6 17. Rc3 Rfd8 18. Qf2 a6 19. Ng4 Qxf2+ 20. Kxf2 Bg7 21. Na3 Bxc3 22. Nh6+ Kg7 23. Ng4 Nb4 24. Be2 Nxa2 25. Rd1 Bc6 26. Nb1 Ba1 27. Nd2 Bd4+ 28. Kg3 Nc3 29. Re1 Nxe2+ 30. Rxe2 Kf8 31. f4 h5 32. Nf2 b5 33. Nh3 bxc4 34. bxc4 Rab8 35. Nf3 Bg7 36. Nhg5 Rb4 37. Nd2 Rb2 38. Ngf3 Bc3 39. Kf2 e5 40. g3 exf4 41. gxf4 Re8 42. h3 Bxd2 43. Nxd2 Bxe4 44. Nxe4 Rxe2+ {[%emt 0:00:08] normal} 45. Kxe2 {normal} 0-1

[Event "-chT Youth Countries 2019"]
[Site "Wuerzburg"]
[Date "2019.10.06"]
[Round "7.8"]
[White "Bako, Evelin"]
[Black "Chassard, Cecilia"]
[Result "1-0"]
[ECO "C70"]
[WhiteElo "1209"]
[BlackElo "890"]
[Annotator "NA"]
[PlyCount "98"]
[EventDate "2019.10.02"]
[EventType "team-tourn"]
[EventRounds "7"]
[EventCountry "GER"]
[SourceTitle "playchess.com"]
[Source "ChessBase"]
[SourceQuality "1"]
[WhiteTeam "Württemberg"]
[BlackTeam "Saarland"]
[TimeControl "40/5400+30:1800+30"]

1. e4 e5 2. Nf3 Nc6 3. Bb5 a6 4. Ba4 b5 5. Bb3 Bc5 6. c3 Nf6 7. d3 d6 8. O-O O-O 9. Re1 Bg4 10. Nbd2 Ne7 11. h3 Bh5 12. Nf1 Ng6 13. Ng3 Nh4 14. Nxh5 Nxh5 15. d4 Nxf3+ 16. Qxf3 Nf6 17. dxc5 dxc5 18. Be3 c4 19. Bc2 Qe7 20. Bg5 h6 21. Bxf6 Qxf6 22. Qxf6 gxf6 23. a4 bxa4 24. Rxa4 Rfb8 25. Rb1 Rb7 26. Rxc4 Rab8 27. b3 Rd8 28. Rd1 Rxd1+ 29. Bxd1 Ra7 30. Ra4 Kg7 31. Be2 Kf8 32. Rxa6 Rxa6 33. Bxa6 Ke7 34. Kf1 Kd6 35. Ke2 Kc5 36. Kd3 h5 37. Bc4 h4 38. Bxf7 c6 39. g3 hxg3 40. fxg3 Kd6 41. Be8 c5 42. b4 f5 43. exf5 e4+ 44. Kxe4 c4 45. f6 Ke6 46. b5 Kxf6 47. b6 Ke7 48. b7 Kxe8 49. b8=Q+ Kd7 {[%emt 0:00:12] normal} 1-0

[Event "-chT Youth Countries 2019"]
[Site "Wuerzburg"]
[Date "2019.10.06"]
[Round "7.8"]
[White "Heinze, Sofie"]
[Black "Ulrich, Helena Irene"]
[Result "0-1"]
[ECO "E92"]
[WhiteElo "1207"]
[BlackElo "1355"]
[Annotator "NA"]
[PlyCount "66"]
[EventDate "2019.10.02"]
[EventType "team-tourn"]
[EventRounds "7"]
[EventCountry "GER"]
[SourceTitle "playchess.com"]
[Source "ChessBase"]
[SourceQuality "1"]
[WhiteTeam "Brandenburg/Berlin"]
[BlackTeam "Thüringen"]
[TimeControl "40/5400+30:1800+30"]

1. d4 Nf6 2. c4 g6 3. Nc3 Bg7 4. e4 d6 5. Nf3 O-O 6. Be2 e5 7. dxe5 dxe5 8. Qxd8 Rxd8 9. Bg5 Re8 10. Nd5 Nxd5 11. cxd5 Nd7 12. Bc4 Nc5 13. Nd2 h6 14. Be3 Nd7 15. O-O Nf6 16. Rac1 Ng4 17. Bc5 Bd7 18. Nf3 Bf8 19. Bxf8 Kxf8 20. Rfd1 Nf6 21. Re1 Rac8 22. b3 Bg4 23. Re3 Bxf3 24. Rxf3 Nxe4 25. Rc2 Nd6 26. Bf1 Nf5 27. Rd2 Nd4 28. Re3 Rcd8 29. Bc4 b5 30. Bf1 Rxd5 31. Red3 a6 32. g3 Red8 33. Bg2 Nf3+ {[%emt 0:01:25] normal Bf1} 0-1

[Event "-chT Youth Countries 2019"]
[Site "Wuerzburg"]
[Date "2019.10.06"]
[Round "7.8"]
[White "Reich, Elisabeth"]
[Black "Haug, Mara"]
[Result "0-1"]
[ECO "B22"]
[WhiteElo "1199"]
[BlackElo "1508"]
[Annotator "NA"]
[PlyCount "134"]
[EventDate "2019.10.02"]
[EventType "team-tourn"]
[EventRounds "7"]
[EventCountry "GER"]
[SourceTitle "playchess.com"]
[Source "ChessBase"]
[SourceQuality "1"]
[WhiteTeam "Bayern 2"]
[BlackTeam "Baden 2"]
[TimeControl "40/5400+30:1800+30"]

1. e4 c5 2. c3 Nc6 3. d4 cxd4 4. cxd4 g6 5. Nf3 Bg7 6. Bc4 d6 7. O-O Nf6 8. Nc3 O-O 9. h3 e6 10. Be3 d5 11. exd5 exd5 12. Bb3 Be6 13. Qd2 Re8 14. Bh6 Bh8 15. Rfe1 Qd7 16. Ne5 Qc7 17. Qf4 Nh5 18. Qe3 Qd8 19. Nxc6 bxc6 20. Qd2 Bf6 21. Ba4 Rc8 22. Rab1 Be7 23. a3 f6 24. Bf4 Nxf4 25. Qxf4 Bd6 26. Qd2 Qb6 27. Re2 Bd7 28. Rxe8+ Rxe8 29. Rd1 Qb7 30. Qc2 Bf5 31. Qb3 Qe7 32. g3 Rb8 33. Qa2 Qb7 34. Ra1 Bxh3 35. Kh2 Bd7 36. Rb1 Bf5 37. Ra1 Bd3 38. Rd1 Bc4 39. Qb1 Qxb2 40. Qxb2 Rxb2 41. Bxc6 Rxf2+ 42. Kg1 Rf5 43. Re1 Bxg3 44. Re8+ Kf7 45. Rh8 Kg7 46. Ra8 Bf2+ 47. Kg2 Bxd4 48. Nb5 Bc5 49. a4 Bxb5 50. axb5 d4 51. Rd8 Re5 52. Rd7+ Kh6 53. Bf3 Re6 54. Rd5 Bb6 55. Bg4 Re8 56. Rd6 f5 57. Bxf5 Rd8 58. Rxd8 Bxd8 59. Kf2 gxf5 60. Ke2 Bb6 61. Kd3 Kg5 62. Ke2 Kg4 63. Kf2 h5 64. Ke1 d3 65. Kd2 Kg3 66. Kxd3 h4 {[%emt 0:00:00] Kd4 h3+ Kd3 Kg2} 67. Kc4 {[%emt 0:00:00] h2 Kd5 h1=Q Ke5} Kf2 {[%emt 0:00:00] normal Kxf5 Qd1 Kf4 Qd3 Ke5 Qd4+ Kf5 Kf3 Ke6 Qc5 Kf6 Qd5 Ke7 Kg4 Kf6 Qe4 Kg7 Qf5 Kh6 Qg5+ Kh7 Kf5 Kh8 Kf6 Kh7 Qg7#} 0-1

[Event "-chT Youth Countries 2019"]
[Site "Wuerzburg"]
[Date "2019.10.06"]
[Round "7.8"]
[White "Richter, Johanna"]
[Black "Pohle, Saskia"]
[Result "0-1"]
[ECO "A49"]
[WhiteElo "942"]
[BlackElo "1716"]
[Annotator "NA"]
[PlyCount "120"]
[EventDate "2019.10.02"]
[EventType "team-tourn"]
[EventRounds "7"]
[EventCountry "GER"]
[SourceTitle "playchess.com"]
[Source "ChessBase"]
[SourceQuality "1"]
[WhiteTeam "Rheinland-Pfalz"]
[BlackTeam "Sachsen"]
[TimeControl "40/5400+30:1800+30"]

1. d4 Nf6 2. Nf3 g6 3. g3 Bg7 4. Bg2 d5 5. O-O O-O 6. c4 e6 7. cxd5 Nxd5 8. Nc3 Nxc3 9. bxc3 c5 10. e4 Nc6 11. Be3 Qa5 12. Qb3 Rd8 13. Rfd1 Bd7 14. Rd2 Rac8 15. a3 cxd4 16. cxd4 Be8 17. Raa2 Qc7 18. Rac2 Qe7 19. Bg5 f6 20. Be3 Bf7 21. a4 b6 22. Qb5 Be8 23. Qb3 Na5 24. Qa2 Bf7 25. Rxc8 Rxc8 26. Rc2 Rb8 27. Bf1 Qb7 28. Bd3 f5 29. Nd2 fxe4 30. Bxe4 Qd7 31. Nf3 e5 32. Nxe5 Bxe5 33. Qb2 Qxa4 34. dxe5 Qxe4 35. Qd4 Qxc2 36. Bh6 Be6 37. Qd6 Re8 38. Qd4 Qc5 39. Qf4 Qe7 40. Bg5 Qf7 41. Bf6 Rc8 42. Qh6 b5 43. h4 Qf8 44. Qe3 Qc5 45. Qxc5 Rxc5 46. Kh2 b4 47. Be7 Rb5 48. Bxb4 Rxb4 49. Kg1 Bd5 50. Kh2 Nc6 51. e6 Rb1 52. Kh3 Bxe6+ 53. Kg2 a5 54. Kh2 a4 55. Kg2 a3 56. Kh2 a2 57. Kg2 a1=Q 58. Kh2 Rh1+ 59. Kg2 Bd5+ 60. f3 Qf1# {normal} 0-1